 Dungeon Crawl Stone Soup version 0.21.1-1-g345015f (webtiles) character file.

62911 keltmir the End of an Era (level 14, -7/115 HPs)
             Began as a Demonspawn Gladiator on Mar 27, 2018.
             Was the Champion of Qazlal.
             Killed from afar by a molten gargoyle (39 damage)
             ... with a bolt of magma
             ... on level 6 of the Lair of Beasts.
             The game lasted 01:33:20 (25237 turns).

keltmir the End of an Era (Demonspawn Gladiator)   Turns: 25237, Time: 01:33:21

Health: -7/115     AC: 41    Str: 21    XL:     14   Next: 66%
Magic:  24/24      EV:  8    Int:  9    God:    Qazlal [******]
Gold:   858        SH: 20    Dex: 17    Spells: 13/13 levels left

rFire    . . .     SeeInvis .   z - +5 morningstar (protect)
rCold    . . .     Gourm    .   t - +1 buckler
rNeg     . . .     Faith    .   L - +0 plate armour
rPois    .         Spirit   .   S - +2 hat
rElec    .         Reflect  +   a - +2 cloak {+Inv}
rCorr    .         Harm     .   r - +0 pair of gloves
MR       +....                  R - +2 pair of boots {Fly}
Stlth    ..........             c - +6 amulet of reflection
HPRegen  0.29/turn              q - +3 ring of dexterity
MPRegen  0.19/turn              m - +2 ring of slaying

@: sanguine armour, protection aura, flying, repel missiles
A: horns 2, foul stench 1, nightstalker 2, rot immunity, sanguine armour 2
a: Upheaval, Elemental Force, Disaster Area, Renounce Religion, Evoke
Invisibility, Stop Flying


You were on level 6 of the Lair of Beasts.
You worshipped Qazlal.
Qazlal was exalted by your worship.
You were not hungry.

You visited 2 branches of the dungeon, and saw 19 of its levels.
You also visited: Sewer and Ice Cave.

You collected 1325 gold pieces.
You spent 467 gold pieces at shops.

Inventory:

Hand Weapons
 z - a +5 morningstar of protection (weapon)
 G - a +5 mace
 N - a +0 blowgun
Missiles
 p - 6 poisoned tomahawks (quivered)
 Q - 8 curare-tipped needles
Armour
 a - a +2 cloak of invisibility (worn)
 r - a +0 pair of gloves (worn)
 t - a +1 buckler (worn)
 H - the +1 scale mail of the Harvest {rN++}
   (You found it on level 6 of the Dungeon)

   It greatly protects you from negative energy.
 L - a +0 plate armour (worn)
 R - a +2 pair of boots of flying (worn)
 S - a +2 hat (worn)
 T - a +3 ring mail of fire resistance
Jewellery
 c - a +6 amulet of reflection (around neck)
 g - an uncursed ring of see invisible
 h - an uncursed ring of protection from fire
 m - a +2 ring of slaying (right hand)
 q - a +3 ring of dexterity (left hand)
 v - an uncursed amulet of rage
 D - an uncursed ring of ice
 M - an uncursed ring of ice
 V - an uncursed ring of ice
Wands
 b - a wand of iceblast (10)
 o - a wand of random effects (72)
 A - a wand of scattershot (5)
 J - a wand of digging (11)
 K - a wand of disintegration (16)
Scrolls
 d - a scroll of enchant weapon
 i - 2 scrolls of magic mapping
 w - 2 scrolls of enchant armour
 B - 2 scrolls of fear
 C - 2 scrolls of summoning
 F - 2 scrolls of fog
 I - a scroll of teleportation
 U - 3 scrolls of remove curse
 W - 6 scrolls of identify
Potions
 k - 2 potions of magic
 l - 7 potions of curing
 n - 3 potions of brilliance
 s - 3 potions of mutation
 u - a potion of might
 x - a potion of invisibility
 E - 2 potions of berserk rage
 O - 2 potions of haste
 P - a potion of agility
 Y - a potion of lignification
Books
 e - a book of Minor Magic

   Spells                             Type                      Level
   a - Magic Dart                     Conjuration                  1
   b - Blink                          Translocation                2
   c - Call Imp                       Summoning                    2
   d - Slow                           Hexes                        2
   e - Conjure Flame                  Conjuration/Fire             3
   f - Mephitic Cloud                 Conjuration/Poison/Air       3
 j - a book of Battle

   Spells                             Type                      Level
   a - Infusion                       Charms                       1
   b - Shroud of Golubria             Charms/Translocation         2
   c - Song of Slaying                Charms                       2
   d - Spectral Weapon                Hexes/Charms                 3
   e - Regeneration                   Charms/Necromancy            3
 y - the Incunabulum of Cold
   (You found it in an ice cave)

   Spells                             Type                      Level
   a - Freeze                         Ice                          1
   b - Throw Frost                    Conjuration/Ice              2
   c - Ice Form                       Ice/Transmutation            4
   d - Metabolic Englaciation         Hexes/Ice                    5
   e - Bolt of Cold                   Conjuration/Ice              6
   f - Freezing Cloud                 Conjuration/Ice/Air          6
Comestibles
 f - 30 rations
 X - 5 chunks of flesh


   Skills:
 + Level 12.0 Fighting
 * Level 13.9 Maces & Flails
   Level 6.2 Polearms
 - Level 1.7 Throwing
 + Level 10.4 Armour
 - Level 2.6 Dodging
 - Level 4.0 Shields
 + Level 14.0 Invocations


You had 13 spell levels left.
You didn't know any spells.

Dungeon Overview and Level Annotations

Branches:
Dungeon (13/15)            Temple (0/1) D:6            Lair (6/6) D:10
 Shoals (0/4) Lair:3        Snake (0/4) Lair:3        Slime (0/5) Lair:6
    Orc (0/2) D:11
 Vaults: D:13-14

Altars:
Cheibriados
Fedhas
Gozag
Hepliaklqana
Kikubaaqudgha
Okawaru
Qazlal
Trog
Uskayaw
Wu Jian
Yredelemnul
Zin
The Shining One
Beogh

Shops:
D:6 *   D:8 %   D:9 ?   D:11 %(   D:12 ?


Innate Abilities, Weirdness & Mutations

You have a pair of horns on your head.
You may emit foul miasma when damaged in melee.
You are significantly more attuned to the shadows.
You are immune to rotting.
When seriously injured, your bleeding wounds create thick armour. (AC +9)


Message History

The basilisk is heavily wounded.
You block the basilisk's attack.
You sock the basilisk! Your headbutt misses the basilisk.
The basilisk is almost dead.
The blink frog blinks!
The basilisk gazes at you.
You easily resist.
You puncture the basilisk!
You kill the basilisk!
Qazlal accepts your kill.
Your Invocations skill increases to level 14!
You start resting.
Eating one of 6 chunks of flesh.
You eat one of the 6 chunks of flesh.
This raw flesh tastes terrible.
A molten gargoyle comes into view. It is wielding a mace.
There are monsters nearby!
You hear an angry hiss.
You block the blink frog's attack.
The molten gargoyle blasts magma at you!
The bolt of magma hits you!
You die...

...# *##..****#....,*,*8* *≈≈≈**,
..##*#....** #....****** ***≈**,
..##,.....§#***...#* **** ****,
...#.........**#..# ***,,*** **,
...##.......[#*#..#***,,,,,,***,,
..............###9##,,,,,,,,,,,,,
..........P....#†#†#......,,,,,,,
............#..F§.##..F....,,,,,,
...........###.#@##.........,,,,,
...........# ###.###........,,,,,
.....P.?...# ##†#§....#.§.,,,,,
....#......# #...F..F....,,,,,
.....#.....# ##....†.....,,,,,
....P#.....## ###........P..,,,,,
,...........###.##..#P†.P...,,,,,
,...P......#.P.#.#..####....,,,,,
,..................## *....,,,,,


You could see a blink frog and a molten gargoyle.

Vanquished Creatures
  A frost giant (IceCv)
  Fannar (Lair:2)
  Harold (D:10)
  5 hydras
  5 two-headed ogres
  Erica (D:8)
  A death yak (IceCv)
  Urug (D:12)
  3 unseen horrors
  2 lindwurms
  An ugly thing (D:11)
  A manticore (D:9)
  4 cyclopes (D:12)
  Maurice (D:8)
  9 black mambas
  A merfolk siren (Lair:3)
  Joseph (Lair:1)
  A molten gargoyle (Lair:6)
  An ice statue (IceCv)
  Psyche (D:8)
  9 spiny frogs
  A torpor snail (Lair:6)
  2 gargoyles
  15 komodo dragons
  2 centaur skeletons
  A kobold demonologist (D:12)
  A troll (D:9)
  11 polar bears
  A slime creature (D:12)
  18 blink frogs
  6 hippogriffs
  A vampire (D:10)
  A spriggan (shapeshifter) (D:12)
  54 yaks
  5 basilisks
  5 wyverns
  2 steam dragons
  A hungry ghost (D:13)
  An acid dragon (D:12)
  3 nagas (Lair:3)
  2 hell hounds (Lair:6)
  8 water moccasins
  6 porcupines
  6 orc warriors
  4 sky beasts
  4 ice beasts
  2 phantoms (D:7)
  3 black bears
  A necrophage (D:6)
  31 wolves
  8 ogres
  10 centaurs
  Blork the orc (D:5)
  16 crocodiles
  3 big kobolds
  25 bullfrogs
  A gnoll sergeant (D:11)
  A water moccasin zombie (D:8)
  3 scorpions
  25 killer bees
  23 wights
  An electric eel (Lair:6)
  5 howler monkeys
  2 bullfrog zombies
  8 crimson imps
  2 quasits
  3 centaur zombies
  6 hounds
  8 jellies
  12 orc priests
  12 orc wizards
  4 iguanas
  6 worker ants
  A hound zombie (D:5)
  4 worker ant zombies
  4 gnolls (D:11)
  2 howler monkey skeletons
  26 adders
  2 river rats (D:3)
  3 shadow imps
  7 oozes
  5 worms
  4 dart slugs
  12 leopard geckos
  60 orcs
  4 ball pythons
  7 bats
  11 giant cockroaches
  2 gnoll zombies (D:2)
  13 goblins
  7 hobgoblins
  9 jackals
  4 quokkas
  11 frilled lizards
  A jackal skeleton (D:6)
  22 kobolds
  A leopard gecko skeleton (D:6)
  A leopard gecko zombie (D:9)
  A quokka skeleton (D:4)
  11 rats
669 creatures vanquished.

Vanquished Creatures (others)
  A centaur warrior (D:13)
  A death yak (IceCv)
  A yaktaur (D:12)
  3 polar bears (IceCv)
  4 yaks (IceCv)
  3 wolves (IceCv)
  5 centaurs (D:12)
  2 orcs
  3 bushes (Lair:5)
  8 fungi
  9 plants
40 creatures vanquished.

Grand Total: 709 creatures vanquished

Notes
Turn   | Place    | Note
-------+----------+-------------------------------------------
     0 | D:1      | keltmir the Demonspawn Gladiator began the quest for the Orb.
     0 | D:1      | Reached XP level 1. HP: 16/16 MP: 1/1
   242 | D:1      | Gained mutation: You are immune to rotting. [demonic ancestry]
   242 | D:1      | Reached XP level 2. HP: 20/22 MP: 2/2
   429 | D:1      | Reached skill level 1 in Armour
   714 | D:1      | Reached XP level 3. HP: 24/28 MP: 3/3
   988 | D:2      | Found a snail-covered altar of Cheibriados.
  1087 | D:2      | Found a glowing silver altar of Zin.
  1227 | D:2      | Gained mutation: You have a pair of small horns on your head. [demonic ancestry]
  1227 | D:2      | Reached XP level 4. HP: 34/34 MP: 4/4
  1248 | D:2      | Found a bloodstained altar of Trog.
  1595 | D:2      | Found a basalt altar of Yredelemnul.
  1777 | D:3      | Found a hide-covered altar of Uskayaw.
  1845 | D:3      | Gained mutation: When seriously injured, your bleeding wounds create armour. (AC +9) [demonic ancestry]
  1845 | D:3      | Reached XP level 5. HP: 36/41 MP: 5/5
  1877 | D:3      | Found a glowing drain.
  1891 | Sewer    | Entered a sewer
  1904 | Sewer    | Reached skill level 1 in Shields
  2370 | D:3      | Reached XP level 6. HP: 27/47 MP: 6/6
  2746 | D:3      | Found an ancient bone altar of Kikubaaqudgha.
  3316 | D:4      | Found an iron altar of Okawaru.
  3410 | D:4      | Found an opulent altar of Gozag.
  3704 | D:4      | Reached skill level 5 in Polearms
  3955 | D:4      | Found a blossoming altar of Fedhas.
  4080 | D:4      | Gained mutation: When seriously injured, your bleeding wounds create thick armour. (AC +9) [demonic ancestry]
  4080 | D:4      | Reached XP level 7. HP: 22/53 MP: 7/7
  4483 | D:5      | Entered Level 5 of the Dungeon
  4507 | D:5      | Found a stormy altar of Qazlal.
  4510 | D:5      | Noticed a water elemental
  4510 | D:5      | Noticed a fire elemental
  4510 | D:5      | Noticed an air elemental
  4516 | D:5      | Became a worshipper of Qazlal Stormbringer
  5594 | D:5      | Found a glowing golden altar of the Shining One.
  5736 | D:6      | Reached skill level 1 in Invocations
  5767 | D:6      | Reached XP level 8. HP: 49/61 MP: 7/9
  5784 | D:6      | Found Quiss's Assorted Antiques.
  5807 | D:6      | Bought a scroll of identify for 54 gold pieces
  5856 | D:6      | Reached * piety under Qazlal
  5860 | D:6      | Reached skill level 1 in Maces & Flails
  5860 | D:6      | Reached skill level 2 in Invocations
  5946 | D:6      | Noticed Blork the orc
  5981 | D:5      | Killed Blork the orc
  6107 | D:6      | Reached skill level 5 in Fighting
  6114 | D:6      | Found a staircase to the Ecumenical Temple.
  6200 | D:6      | Reached skill level 3 in Invocations
  6295 | D:6      | Found a hazy altar of Hepliaklqana.
  6320 | D:6      | Got an ichor-stained scale mail
  6331 | D:6      | Identified the +1 scale mail of the Harvest {rN++} (You found it on level 6 of the Dungeon)
  6506 | D:6      | Found a runed door.
  6509 | D:6      | Found a basalt altar of Yredelemnul.
  6707 | D:6      | Found an ornate altar of the Wu Jian Council.
  6783 | D:7      | Reached skill level 4 in Invocations
  7194 | D:6      | Reached XP level 9. HP: 12/69 MP: 12/12
  8090 | D:7      | Reached skill level 5 in Invocations
  8169 | D:7      | Reached ** piety under Qazlal
  8169 | D:7      | Reached skill level 5 in Maces & Flails
  8858 | D:8      | Noticed a two-headed ogre
  8884 | D:8      | Killed a two-headed ogre
  8884 | D:8      | Reached skill level 6 in Invocations
  9157 | D:7      | Reached XP level 10. HP: 45/77 MP: 14/14
  9347 | D:8      | Noticed Erica
  9487 | D:8      | HP: 2/77 [Erica/scimitar of flaming (7)]
  9492 | D:8      | Killed Erica
  9492 | D:8      | Reached skill level 5 in Armour
  9805 | D:8      | Reached skill level 7 in Invocations
  9827 | D:8      | Noticed Psyche
 10338 | D:8      | Killed Psyche
 10369 | D:8      | Noticed Maurice
 10397 | D:8      | Killed Maurice
 10458 | D:8      | Found Jelucwao's Food Shoppe.
 10825 | D:9      | Found a runed door.
 10917 | D:9      | Reached *** piety under Qazlal
 10933 | D:9      | Found Miru's Magic Scroll Boutique.
 10941 | D:9      | Bought a scroll of remove curse for 39 gold pieces
 11153 | D:9      | Reached skill level 8 in Invocations
 11976 | D:9      | Found a runed door.
 12358 | D:9      | Noticed a two-headed ogre
 12384 | D:8      | Killed a two-headed ogre
 12384 | D:8      | Gained mutation: You are slightly more attuned to the shadows. [demonic ancestry]
 12384 | D:8      | Reached XP level 11. HP: 33/86 MP: 17/17
 12643 | D:9      | Noticed a two-headed ogre
 12671 | D:9      | Killed a two-headed ogre
 13000 | D:9      | Reached skill level 9 in Invocations
 13113 | D:10     | Entered Level 10 of the Dungeon
 13168 | D:9      | Reached **** piety under Qazlal
 13915 | D:10     | Found a staircase to the Lair.
 14556 | D:11     | Noticed a cyan ugly thing
 14586 | D:11     | Killed a cyan ugly thing
 14599 | D:11     | Reached ***** piety under Qazlal
 14663 | D:11     | Reached skill level 10 in Invocations
 14811 | D:11     | Found Vyrchiuj's Food Shop.
 15058 | D:11     | Reached skill level 10 in Maces & Flails
 15195 | D:11     | Found a roughly hewn altar of Beogh.
 15195 | D:11     | Found a staircase to the Orcish Mines.
 15248 | D:11     | Noticed an unseen horror
 15257 | D:11     | Killed an unseen horror
 15257 | D:11     | Gained mutation: You are significantly more attuned to the shadows. [demonic ancestry]
 15257 | D:11     | Reached XP level 12. HP: 93/95 MP: 19/19
 15377 | D:11     | Found Gecuikigg's Antique Weapon Shoppe.
 15873 | D:12     | Noticed Urug
 15892 | D:12     | Killed Urug
 15983 | D:12     | Noticed a two-headed ogre
 15990 | D:12     | Killed a two-headed ogre
 16080 | D:12     | Noticed a two-headed ogre
 16092 | D:12     | Killed a two-headed ogre
 16092 | D:12     | Reached skill level 11 in Invocations
 16337 | D:12     | Found Luaphu's Magic Scroll Boutique.
 16343 | D:12     | Bought a scroll of identify for 30 gold pieces
 16343 | D:12     | Bought a scroll of identify for 30 gold pieces
 16343 | D:12     | Bought a scroll of remove curse for 45 gold pieces
 16343 | D:12     | Bought a scroll of enchant weapon for 112 gold pieces
 16343 | D:12     | Bought a scroll of remove curse for 45 gold pieces
 16343 | D:12     | Bought a scroll of blinking for 112 gold pieces
 16351 | D:12     | Reached skill level 10 in Fighting
 16540 | D:12     | Identified the Catalogue of Toxic Orientation
 17411 | D:13     | Got an ancient plate armour
 17419 | D:13     | Noticed a tengu warrior
 17420 | D:13     | Noticed a tengu warrior
 17422 | D:13     | Identified the cursed +0 plate armour "Batseugiv" {+Fly} (You found it on level 13 of the Dungeon)
 17429 | D:13     | Noticed a vault guard
 17429 | D:13     | Noticed a vault guard
 17430 | D:13     | Noticed a centaur warrior
 17431 | D:13     | Noticed a vault guard
 17438 | D:13     | Killed a centaur warrior
 17445 | D:13     | Noticed a vault guard
 17780 | Lair:1   | Entered Level 1 of the Lair of Beasts
 17782 | Lair:1   | Noticed Harold
 17785 | Lair:1   | Noticed Joseph
 17808 | D:10     | Killed Harold
 17808 | D:10     | Gained mutation: You have a pair of horns on your head. [demonic ancestry]
 17808 | D:10     | Reached XP level 13. HP: 89/104 MP: 21/21
 17843 | Lair:1   | Killed Joseph
 18363 | Lair:1   | Reached skill level 12 in Invocations
 19242 | Lair:2   | Noticed Fannar
 19257 | Lair:2   | Killed Fannar
 20227 | Lair:2   | Reached ****** piety under Qazlal
 20533 | Lair:3   | Found a staircase to the Shoals.
 20956 | Lair:3   | Found a staircase to the Snake Pit.
 22421 | Lair:5   | Reached skill level 13 in Invocations
 22542 | Lair:5   | Gained mutation: You may emit foul miasma when damaged in melee. [demonic ancestry]
 22542 | Lair:5   | Reached XP level 14. HP: 92/113 MP: 23/23
 23152 | Lair:6   | Entered Level 6 of the Lair of Beasts
 23417 | Lair:6   | Reached skill level 10 in Armour
 23437 | Lair:6   | Found a frozen archway.
 23446 | IceCv    | Entered an ice cave
 24145 | IceCv    | Noticed a frost giant
 24643 | IceCv    | Killed a frost giant
 24778 | IceCv    | Identified the Incunabulum of Cold
 25235 | Lair:6   | Reached skill level 14 in Invocations
 25237 | Lair:6   | Killed from afar by a molten gargoyle

Skill      XL: |  1  2  3  4  5  6  7  8  9 10 11 12 13 14 |
---------------+-------------------------------------------+-----
Polearms       | 3 4 5 6 |  6.2
Armour         | 1 2 3 4 6 7 8 9 10 | 10.4
Fighting       | 3 4 5 6 8 9 10 11 12 | 12.0
Shields        | 1 3 4 |  4.0
Invocations    | 1 4 6 8 10 11 13 14 | 14.0
Maces & Flails | 4 6 8 10 11 13 | 13.9
Throwing       | |  1.7
Dodging        | |  2.6

Action                   |  1- 3 |  4- 6 |  7- 9 | 10-12 | 13-15 || total
-------------------------+-------+-------+-------+-------+-------++-------
Melee: Trident           |   115 |   262 |       |       |       ||   377
       Headbutt          |       |    55 |    93 |   210 |   150 ||   508
       Hand axe          |       |    22 |   118 |       |       ||   140
       Flail             |       |       |   378 |    45 |       ||   423
       Mace              |       |       |       |   885 |   106 ||   991
       Morningstar       |       |       |       |       |   529 ||   529
Throw: Throwing net      |     1 |     2 |     1 |       |       ||     4
Invok: Upheaval          |       |       |       |     2 |     7 ||     9
Evoke: Wand              |       |       |     1 |     7 |       ||     8
  Use: Scroll            |     2 |     8 |     5 |    11 |     9 ||    35
       Potion            |       |       |     4 |     3 |       ||     7
  Eat: Chunk             |     1 |    10 |    10 |    29 |    18 ||    68
       Ration            |       |       |     2 |       |     2 ||     4
Armor: Ring mail         |    51 |    87 |    63 |       |       ||   201
       Leather armour    |     1 |       |       |       |       ||     1
       Skin              |       |       |    78 |       |       ||    78
       Chain mail        |       |       |   148 |       |       ||   148
       Scale mail        |       |       |     3 |       |       ||     3
       Plate armour      |       |       |       |   329 |   283 ||   612
Dodge: Dodged            |    65 |   119 |   190 |   165 |   140 ||   679
       Deflected         |       |       |       |     9 |     1 ||    10
Block: Buckler           |       |    70 |   200 |   744 |   688 ||  1702
       Reflection        |       |       |       |    66 |     2 ||    68
